 Dungeon Crawl Stone Soup version 0.22.1-1-ga44c0e5 (webtiles) character file.

466 magicm the Shooter (level 7, -1/46 HPs)
             Began as a Human Hunter on Nov 11, 2018.
             Was an Initiate of Hepliaklqana.
             Slain by Edmund
             ... wielding a +2 dire flail of holy wrath
              (15 damage)
             ... on level 4 of the Dungeon.
             The game lasted 00:12:54 (2387 turns).

magicm the Shooter (Human Hunter)                   Turns: 2387, Time: 00:12:55

Health: -1/46      AC:  5    Str: 13    XL:     7   Next: 30%
Magic:  7/7        EV: 12    Int: 12    God:    Hepliaklqana [......]
Gold:   48         SH:  4    Dex: 14    Spells: 6/6 levels left

rFire    x . .     SeeInvis .   a - +2 shortbow
rCold    + . .     Gourm    .   (shield currently unavailable)
rNeg     . . .     Faith    .   c - +1 leather armour
rPois    .         Spirit   .   (no helmet)
rElec    .         Reflect  +   (no cloak)
rCorr    .         Harm     .   e - +0 pair of gloves
MR       .....                  (no boots)
Stlth    ++........             k - +4 amulet of reflection
HPRegen  0.15/turn              j - ring of ice
MPRegen  0.10/turn              (no ring)

@: no status effects
A: reduced essence
a: Recall Ancestor, Ancestor Identity, Renounce Religion


You were on level 4 of the Dungeon.
You worshipped Hepliaklqana.
Hepliaklqana was noncommittal.
You were not hungry.

You visited 1 branch of the dungeon, and saw 4 of its levels.

You collected 138 gold pieces.
You spent 90 gold pieces at shops.

Inventory:

Hand Weapons
 a - a +2 shortbow (weapon)
 b - a +0 short sword
Missiles
 d - 21 arrows (quivered)
Armour
 c - a +1 leather armour (worn)
 e - a +0 pair of gloves (worn)
Jewellery
 j - a ring of ice (left hand)
 k - a +4 amulet of reflection (around neck)
 n - an uncursed amulet of rage {unknown}
Scrolls
 g - 3 scrolls of teleportation
 m - 2 scrolls of remove curse
Potions
 h - a potion of might {unknown}
 i - 2 potions of lignification {unknown}
 l - a potion of curing
 p - 3 potions of haste {unknown}
Comestibles
 f - 8 rations


   Skills:
 + Level 3.5 Fighting
 + Level 7.3 Bows
 + Level 1.4 Armour
 + Level 2.3 Dodging
 + Level 1.2 Stealth


You had 6 spell levels left.
You didn't know any spells.
Your spell library was empty.

Dungeon Overview and Level Annotations

Branches:
Dungeon (4/15)
 Temple: D:4-7

Altars:
Elyvilon
Hepliaklqana
Makhleb
Vehumet
Xom
Zin

Annotations:
D:2 Terence
D:4 Edmund


Message History

Press: ? - help, Shift-Dir - straight line, f/p - leopard gecko skeleton
Aim: a leopard gecko skeleton (heavily damaged) Really fire in your ally Marzanna's direction?
Okay, then.
Firing (i - inventory)
d - 23 arrows (quivered)
Press: ? - help, Shift-Dir - straight line, f - Edmund, p - leopard gecko
Aim: Edmund, wielding a dire flail of holy wrath and wearing a leather armour You shoot an arrow.
The arrow hits Edmund but does no damage.
Edmund is lightly wounded.
The leopard gecko skeleton bites you but does no damage.
Edmund hits you but does no damage. The orc closely misses you.
Firing (i - inventory)
d - 22 arrows (quivered)
Press: ? - help, Shift-Dir - straight line, f/p - Edmund
Aim: Edmund, wielding a dire flail of holy wrath and wearing a leather armour You shoot an arrow.
The arrow hits Edmund.
Edmund is moderately wounded.
The leopard gecko skeleton barely misses you.
Edmund hits you with a dire flail of holy wrath!
You die...

...............
........$.....(
...............
...............
....!..R.......
..........(....
.......<.)(....
.......Zo......
.......@@......
...............
##########.###.
..# .# .. .#


You could see the friendly Marzanna the ancestor, Edmund, an orc and a leopard
gecko skeleton.

Vanquished Creatures
  Sigmund (D:4)
  A hound (D:2)
  2 orc wizards (D:3)
  Jessica (D:2)
  Natasha (thrice) (D:3)
  A worker ant (D:2)
  An adder (D:3)
  An ooze (D:1)
  A worm (D:2)
  2 dart slugs
  3 leopard geckos
  6 orcs (D:3)
  3 giant cockroaches
  10 hobgoblins
  4 jackals (D:2)
  7 kobolds
  2 ball pythons
  9 bats
  4 frilled lizards
  5 goblins
  5 rats
72 creatures vanquished.

Notes
Turn   | Place    | Note
-------+----------+-------------------------------------------
     0 | D:1      | magicm the Human Hunter began the quest for the Orb.
     0 | D:1      | Reached XP level 1. HP: 16/16 MP: 1/1
    64 | D:1      | Reached XP level 2. HP: 22/22 MP: 2/2
   439 | D:1      | Reached XP level 3. HP: 27/27 MP: 3/3
   760 | D:2      | Reached skill level 5 in Bows
   760 | D:2      | Reached XP level 4. HP: 34/34 MP: 4/4
   855 | D:2      | Noticed Terence
  1137 | D:2      | Found a shimmering altar of Xom.
  1137 | D:2      | Found a shimmering altar of Xom.
  1138 | D:2      | Found a shimmering altar of Xom.
  1139 | D:2      | Found a shimmering altar of Xom.
  1140 | D:2      | Found a shimmering altar of Xom.
  1140 | D:2      | Found a shimmering altar of Xom.
  1141 | D:2      | Found a shimmering altar of Xom.
  1141 | D:2      | Found a shimmering altar of Xom.
  1144 | D:2      | Reached XP level 5. HP: 40/40 MP: 5/5
  1373 | D:2      | Noticed Jessica
  1379 | D:2      | Killed Jessica
  1565 | D:2      | Found a burning altar of Makhleb.
  1565 | D:2      | Found a radiant altar of Vehumet.
  1735 | D:3      | Found a hazy altar of Hepliaklqana.
  1738 | D:3      | Became a worshipper of Hepliaklqana the Forgotten
  1750 | D:3      | Found Zin's Purification Station.
  1752 | D:3      | Found a glowing silver altar of Zin.
  1755 | D:3      | Bought a potion of curing for 90 gold pieces
  1785 | D:3      | Reached skill level 1 in Armour
  1797 | D:3      | Noticed Natasha
  1800 | D:3      | Killed Natasha
  1800 | D:3      | Reached XP level 6. HP: 29/42 MP: 6/6
  1848 | D:3      | Noticed Natasha
  1850 | D:3      | Reached skill level 6 in Bows
  1854 | D:3      | Killed Natasha
  1968 | D:3      | Found a white marble altar of Elyvilon.
  1997 | D:3      | Noticed Natasha
  2006 | D:3      | Killed Natasha
  2369 | D:4      | Noticed Sigmund
  2374 | D:4      | Noticed Edmund
  2385 | D:4      | Killed Sigmund
  2385 | D:4      | Reached skill level 7 in Bows
  2385 | D:4      | Reached XP level 7. HP: 14/46 MP: 7/7
  2387 | D:4      | Slain by Edmund

Skill      XL: |  1  2  3  4  5  6 |
---------------+-------------------+-----
Bows           | 5 7 |  7.3
Fighting       | 3 |  3.5
Armour         | 1 |  1.4
Dodging        | |  2.3
Stealth        | |  1.2

Action                   |  1- 3 |  4- 6 |  7- 9 || total
-------------------------+-------+-------+-------++-------
 Fire: Shortbow          |    66 |   136 |     2 ||   204
Invok: Recall Ancestor   |       |     5 |       ||     5
       Ancestor Identity |       |     1 |       ||     1
  Use: Scroll            |     4 |     5 |       ||     9
  Eat: Ration            |       |     2 |       ||     2
Armor: Leather armour    |     4 |    10 |     2 ||    16
Dodge: Dodged            |     7 |    24 |     3 ||    34
Block: Other             |       |     3 |       ||     3
